 Dungeon Crawl Stone Soup version 0.24.0-123-gd5b16e6ec5 (webtiles) character file.

Game seed: 13243569251438451571, levelgen mode: deterministic

98 FishyPogo the Skirmisher (level 4, -1/37 HPs)
             Began as a Demonspawn Chaos Knight on Jan 24, 2020.
             Was a Plaything of Xom.
             Killed from afar by an orc wizard (5 damage)
             ... with a magic dart
             ... on level 3 of the Dungeon.
             The game lasted 00:05:22 (2149 turns).

FishyPogo the Skirmisher (Demonspawn Chaos Knight)  Turns: 2149, Time: 00:05:22

Health: -1/37      AC:  5    Str: 13    XL:     4   Next: 44%
Magic:  4/4        EV: 12    Int: 15    God:    Xom [......]
Gold:   158        SH:  0    Dex: 13    Spells: 3/3 levels left

rFire    . . .     SeeInvis .   a - +0 short sword (chaos)
rCold    . . .     Gourm    .   (no shield)
rNeg     . . .     Faith    .   b - +2 leather armour
rPois    .         Spirit   .   (helmet restricted)
rElec    .         Reflect  .   (no cloak)
rCorr    .         Harm     .   (no gloves)
MR       .....                  (no boots)
Stlth    +.........             (no amulet)
HPRegen  0.12/turn              k - +2 ring of intelligence
MPRegen  0.09/turn              (no ring)

@: no status effects
A: antennae 2, blink, subdued magic 1
a: Blink, Renounce Religion


You were on level 3 of the Dungeon.
You worshipped Xom.
You were a very special plaything of Xom.
You were not hungry.

You visited 1 branch of the dungeon, and saw 3 of its levels.

You collected 158 gold pieces.

Inventory:

Hand Weapons
 a - a +0 short sword of chaos (weapon)
 r - a +1 falchion of slicing
Missiles
 g - 53 stones (quivered)
 l - 20 poisoned darts
Armour
 b - a +2 leather armour (worn)
Jewellery
 k - a +2 ring of intelligence (left hand)
Scrolls
 d - a scroll of random uselessness {unknown}
 e - a scroll of fear {unknown}
 h - a scroll of enchant weapon {unknown}
 m - 3 scrolls of remove curse {unknown}
 n - 2 scrolls of identify {unknown}
 p - a scroll of teleportation {unknown}
 q - a scroll of noise {unknown}
Potions
 f - 2 potions of degeneration {unknown}
 i - a potion of might {unknown}
 j - a potion of flight {unknown}
 s - a potion of mutation {unknown}
Comestibles
 c - 2 rations
 o - 4 chunks of flesh


   Skills:
 * Level 3.7 Fighting
 + Level 3.3 Short Blades
 * Level 2.6 Armour
 + Level 1.8 Dodging


You had 3 spell levels left.
You didn't know any spells.
Your spell library was empty.

Dungeon Overview and Level Annotations

Branches:
Dungeon (3/15)

Altars:
Ashenzari
Cheibriados
Fedhas
Gozag
Xom


Innate Abilities, Weirdness & Mutations

You have a pair of antennae on your head.
You can translocate small distances at will.
Your spells are a little easier to cast, but a little less powerful.


Message History

You hit the orc but do no damage.
The orc is poisoned.
The orc is almost dead.
The orc is no longer moving slowly.
You kill the orc!
Things that are here:
a +0 flail; a +0 scale mail; an orc corpse You hit something.
You hit something but do no damage.
You hear some strange, mumbled words.
A puff of flame appears from out of thin air!
The puff of flame hits you!
* * * LOW HITPOINT WARNING * * *
You hit something. Something hits you but does no damage.
You hit something. You freeze something. Something hits you but does no damage.
You miss something. Something hits you but does no damage.
You closely miss something.
You hear some strange, mumbled words.
A magic dart appears from out of thin air!
The magic dart hits you.
You die...

#.#.#.## #...#.###..##.
#.#.#.## #####.# #..##.
#.#.#.##_#####.###..##.
#.#_#.##_#.............
##.#.#_#_#..#...........
#.......###.############
#..###)#.#..#...........
#..# #.##.#.##...#...#..
#..# #{@..#.............
#..# ####..__#...#...#..
#... #.#.#...........
#... #.#.############
#... #.#.# #.##. #....
..... ...


There were no monsters in sight!

Vanquished Creatures
  4 adders (D:2)
  An ooze (D:1)
  A worm (D:2)
  3 dart slugs
  A leopard gecko (D:3)
  4 orcs (D:3)
  A giant cockroach (D:1)
  5 goblins
  4 hobgoblins
  7 jackals
  2 kobolds
  A quokka (D:1)
  4 bats
  A frilled lizard (D:3)
  A leopard gecko zombie (D:2)
  2 rats
42 creatures vanquished.

Vanquished Creatures (others)
  A fire vortex (D:1)
1 creature vanquished.

Grand Total: 43 creatures vanquished

Notes
Turn   | Place    | Note
-------+----------+-------------------------------------------
     0 | D:1      | FishyPogo the Demonspawn Chaos Knight began the quest for
                  | the Orb.
     0 | D:1      | Reached XP level 1. HP: 18/18 MP: 1/1
   125 | D:1      | XOM: divination: detect creatures
   151 | D:1      | Gained mutation: You have a pair of small antennae on your
                  | head. [demonic ancestry]
   151 | D:1      | Reached XP level 2. HP: 17/24 MP: 2/2
   174 | D:1      | XOM: smoke on damage
   367 | D:1      | Reached skill level 1 in Dodging
   370 | D:1      | XOM: mild Fire miscast
   606 | D:1      | XOM: medium Ice miscast
   777 | D:1      | XOM: medium Tmut miscast
   826 | D:1      | Gained mutation: You are weak. (Str -2) [mutagenic glow]
   879 | D:2      | Found a shattered altar of Ashenzari.
   902 | D:2      | XOM: cloud trail
   944 | D:2      | XOM: noise
  1074 | D:2      | Found an opulent altar of Gozag.
  1092 | D:2      | Gained mutation: You have a pair of antennae on your head.
                  | [demonic ancestry]
  1092 | D:2      | Reached XP level 3. HP: 11/29 MP: 3/3
  1251 | D:2      | XOM: give mutations
  1251 | D:2      | Gained mutation: You can translocate small distances at
                  | will. [Xom's mischief]
  1251 | D:2      | Gained mutation: You are robust. (+10% HP) [Xom's mischief]
  1251 | D:2      | Lost mutation: You are weak. (Str -2) [Xom's mischief]
  1251 | D:2      | Lost mutation: You are robust. (+10% HP) [Xom's mischief]
  1273 | D:2      | XOM: give mutation
  1273 | D:2      | Gained mutation: Your spells are a little easier to cast,
                  | but a little less powerful. [Xom's mischief]
  1561 | D:2      | Reached XP level 4. HP: 33/37 MP: 4/4
  1916 | D:3      | Found a blossoming altar of Fedhas.
  2064 | D:3      | Found a snail-covered altar of Cheibriados.
  2109 | D:3      | XOM: scenery: create altars
  2119 | D:3      | XOM: smoke on damage
  2149 | D:3      | Killed from afar by an orc wizard

Levels and vault maps discovered:
D:1:      dpeg_arrival_arbitrary_b, layout_basic
D:2:      layout_loops_ring, nicolae_gozag_seed_capital, first_ration,
          nicolae_ashenzari_panopticon
D:3:      layout_loops_ring, lemuel_coloured_pillars_altar, lemuel_doored_altar,
          fedhas_altar_1

Skill      XL: |  1  2 |
---------------+-------+-----
Short Blades   | 3 |  3.3
Dodging        | 1 |  1.8
Armour         | 2 |  2.6
Fighting       | |  3.7

Action                   |  1- 3 |  4- 6 || total
-------------------------+-------+-------++-------
Melee: Short sword       |    98 |    77 ||   175
 Stab: Sleeping          |       |     1 ||     1
  Eat: Chunk             |     2 |     2 ||     4
Armor: Leather armour    |    31 |    15 ||    46
Dodge: Dodged            |    42 |    18 ||    60
